 Seeded DCSS version 0.29.1-12-g30fa7ad0bf (webtiles) character file.

Game seed: 1 (custom seed)

3518 Kazon the Carver (level 9, -15/67 HPs)
             Began as a Vampire Gladiator on Dec 13, 2022.
             Was a Follower of Okawaru.
             Demolished by Maggie
             ... wielding a +0 glaive
              (18 damage)
             ... on level 6 of the Dungeon.
             The game lasted 00:19:53 (4410 turns).

Kazon the Carver (Vampire Gladiator)                Turns: 4410, Time: 00:19:53

Health: -15/67     AC: 11    Str: 17    XL:     9   Next: 81%
Magic:  11/11      EV: 15    Int: 10    God:    Okawaru [*.....]
Gold:   271        SH:  5    Dex: 16    Spells: 8/8 levels left

rFire   . . .      SeeInvis +   s - +3 falchion of Winter {venom, rCorr}
rCold   + + .      Faith    .   c - +0 buckler
rNeg    + . .      Spirit   .   F - +3 leather armour {rC+}
rPois   .          Reflect  .   m - +0 helmet
rElec   .          Harm     .   (no cloak)
rCorr   +          Rampage  ∞   (no gloves)
Will    .....                   f - +3 pair of seven-league boots {Rampage+∞}
Stlth   ++++......              g - amulet of the acrobat
HPRegen 0.41/turn               t - ring of positive energy
MPRegen 0.12/turn               G - ring of protection from cold

@: brilliant, mesmerised, healing quickly
A: alive, fangs 3, see invisible, vampiric 2
a: Exsanguinate, Renounce Religion, Heroism


You were on level 6 of the Dungeon.
You worshipped Okawaru.
Okawaru was aware of your devotion.
You visited 2 branches of the dungeon, and saw 8 of its levels.

You collected 455 gold pieces.
You spent 184 gold pieces at shops.

Inventory:

Hand Weapons
 e - a +2 dagger of venom
 s - the +3 falchion of Winter (weapon) {venom, rCorr}
   (You bought it in a shop on level 3 of the Dungeon)

   It poisons the flesh of those it strikes.
   rCorr:     It protects you from acid and corrosion.
 z - a +1 long sword of protection
Missiles
 d - 4 throwing nets
 k - 54 stones (quivered)
 o - 11 boomerangs
 q - a javelin
 C - 3 curare-tipped darts
 I - 8 poisoned darts
Armour
 c - a +0 buckler (worn)
 f - the +3 pair of seven-league boots (worn) {Rampage+∞}
   (You acquired it on level 1 of the Dungeon)

   Its wearer moves as far as possible in that direction when moving towards
   enemies.
 m - a +0 helmet (worn)
 F - a +3 leather armour of cold resistance (worn)
Jewellery
 g - an amulet of the acrobat (around neck)
 t - a ring of positive energy (left hand)
 G - a ring of protection from cold (right hand)
Wands
 D - a wand of mindburst (20)
 E - a wand of flame (13)
 K - a wand of paralysis (10)
Scrolls
 i - 10 scrolls of identify
 p - a scroll of poison {unknown}
 r - 2 scrolls of fog {unknown}
 u - 2 scrolls of noise {unknown}
 v - a scroll of magic mapping {unknown}
 x - a scroll of teleportation {unknown}
 y - 2 scrolls of immolation {unknown}
 H - a scroll of enchant weapon {unknown}
 J - a scroll of fear {unknown}
Potions
 a - 2 potions of ambrosia {unknown}
 b - a potion of cancellation {unknown}
 h - 2 potions of haste {unknown}
 j - a potion of attraction {unknown}
 l - 2 potions of flight {unknown}
 n - 2 potions of berserk rage {unknown}
 w - 4 potions of lignification {unknown}
 B - a potion of degeneration {unknown}
 L - a potion of curing
 M - a potion of might


   Skills:
 * Level 4.8 Fighting
 + Level 4.4(7.4) Short Blades
 + Level 8.4(8.8) Long Blades
 + Level 3.5 Throwing
 + Level 3.7 Armour
 + Level 7.1 Dodging
 + Level 7.5 Stealth
 + Level 3.8 Shields
 * Level 3.5 Invocations
 * Level 3.5 Evocations


You had 8 spell levels left.
You didn't know any spells.
Your spell library contained the following spells:

 Spells                   Type           Power      Damage    Failure   Level
 Apportation              Tloc           0%         N/A       52%         1
 Necrotise                Necr           0%         1d4       52%         1
 Sting                    Tmut/Pois      0%         1d3       52%         1
 Poisonous Vapours        Pois/Air       0%         N/A       65%         2
 Olgreb's Toxic Radiance  Pois           0%         N/A       99%         4
 Fireball                 Conj/Fire      0%         3d3       100%        5
 Iskenderun's Battlesphe  Conj           0%         2d6       100%        5
 Conjure Ball Lightning   Conj/Air       0%         3x3d6     100%        6
 Orb of Destruction       Conj           0%         9d5       100%        7
 Summon Small Mammal      Summ           Unusable   N/A       N/A         1

Dungeon Overview and Level Annotations

Branches:
Dungeon (7/15)             Temple (1/1) D:7

Altars:
Ashenzari
Dithmenos
Gozag
Hepliaklqana
Makhleb
Nemelex Xobeh
Okawaru
Uskayaw
Xom

Shops:
D:3 (

Annotations:
D:6 Maggie


Innate Abilities, Weirdness & Mutations

Your natural rate of healing is accelerated.
You have razor-sharp teeth.
You have supernaturally acute eyesight. (SInv)
You are afflicted with vampirism and can become a bat while bloodless.


Message History

Maggie attempts to bespell you! You resist with some effort.
You hit Maggie.
Maggie is moderately wounded.
Maggie casts a spell.
Maggie attempts to bespell you!
You are mesmerised by Maggie!
You hit Maggie.
Maggie looks as sick as possible!
Maggie is moderately wounded.
You block Maggie's attack.
You hit Maggie but do no damage.
Maggie is moderately wounded.
You hit Maggie.
Maggie looks as sick as possible!
Maggie is moderately wounded.
Maggie gestures wildly while chanting.
Maggie draws you further into her thrall.
You slash Maggie!
Maggie looks as sick as possible!
Maggie is heavily wounded.
Maggie closely misses you.
You closely miss Maggie.
Maggie is heavily wounded.
Maggie hits you with a +0 glaive!
You hit Maggie but do no damage.
Maggie looks as sick as possible!
Maggie is severely wounded.
Maggie points at you and mumbles some strange words.
The bolt of fire hits you!!
You hit Maggie.
Maggie looks as sick as possible!
Maggie is severely wounded.
You block Maggie's attack.
You hit Maggie but do no damage.
Maggie looks as sick as possible!
Maggie is severely wounded.
Maggie gestures at you while chanting. The bolt of fire hits you!!
* * * LOW HITPOINT WARNING * * *
You barely miss Maggie.
Maggie is almost dead.
Maggie closely misses you.
You hit Maggie but do no damage.
Maggie is almost dead.
Maggie hits you with a +0 glaive!!
You die...

#)#.#
##........###.##.#
#)#.####.........#
#....#
#.#.+.."....#...#+
#.##.#
#)#.####.........#
#.####
#...#.###.!......# #.#
#.#.#...'#........##.#
#.#.#....#...#+#...+.#
#.#.##$..#..## ####.#
#.#.##..@#.## #.#
#.#.####@#.# #.#
#...######+#########.#
#.#..................#
#............#########
##############


You could see Maggie (mesmerising, extremely poisoned).

Vanquished Creatures
  A yak (D:6)
  Eustachio (D:5)
  A steam dragon (D:7)
  Menkaure (D:5)
  Edmund (D:6)
  2 water moccasins
  2 orc warriors
  4 sky beasts
  2 black bears (D:6)
  3 centaurs
  An ogre (D:6)
  A phantom (D:6)
  2 kobold brigands
  3 necrophages
  A gnoll sergeant (D:7)
  5 scorpions
  A howler monkey (D:5)
  2 jellies (D:6)
  A hound (D:4)
  3 orc priests
  3 iguanas
  Robin (D:3)
  10 gnolls
  9 adders
  2 shadow imps
  2 white imps (D:7)
  An ufetubus (D:5)
  3 worms
  18 orcs
  11 endoplasms
  A giant cockroach (D:1)
  16 goblins
  9 hobgoblins
  A jackal (D:4)
  17 kobolds
  A quokka (D:1)
  5 ball pythons
  4 bats
  3 frilled lizards
  6 rats
161 creatures vanquished.

Notes
Turn   | Place    | Note
-------+----------+-------------------------------------------
     0 | D:1      | Kazon the Vampire Gladiator began the quest for the Orb.
     0 | D:1      | Reached XP level 1. HP: 16/16 MP: 1/1
    32 | D:1      | Identified a scroll of acquirement
    32 | D:1      | Acquired the +3 pair of seven-league boots {Rampage+∞}
    32 | D:1      | Found the +3 pair of seven-league boots {Rampage+∞}
   130 | D:1      | Reached XP level 2. HP: 22/22 MP: 2/2
   853 | D:2      | Gained mutation: You are afflicted with vampirism and can
                  | become a bat while bloodless. [Vampire growth]
   853 | D:2      | Reached XP level 3. HP: 25/27 MP: 3/3
  1170 | D:2      | Reached skill level 4 in Long Blades
  1199 | D:2      | Reached XP level 4. HP: 33/33 MP: 4/4
  1330 | D:3      | Found Umat's Antique Weapon Boutique.
  1357 | D:3      | Bought a crude falchion for 184 gold pieces
  1357 | D:3      | Identified the +3 falchion of Winter {venom, rCorr} (You
                  | bought it in a shop on level 3 of the Dungeon)
  1532 | D:3      | Reached skill level 1 in Armour
  1636 | D:3      | You fall into a shaft and drop 1 floor!
  1647 | D:4      | Found a hazy altar of Hepliaklqana.
  1653 | D:4      | Reached skill level 1 in Stealth
  1653 | D:4      | Reached XP level 5. HP: 38/38 MP: 5/5
  1742 | D:4      | Reached skill level 1 in Short Blades
  1803 | D:4      | Reached skill level 5 in Long Blades
  1891 | D:3      | Noticed Robin
  1899 | D:3      | Killed Robin
  1962 | D:3      | Reached skill level 6 in Long Blades
  1962 | D:3      | Reached skill level 5 in Dodging
  1962 | D:3      | Reached skill level 5 in Stealth
  1962 | D:3      | Reached XP level 6. HP: 47/47 MP: 5/8
  2131 | D:4      | Reached XP level 7. HP: 53/53 MP: 9/9
  2795 | D:5      | Entered Level 5 of the Dungeon
  2847 | D:5      | Noticed Menkaure
  2855 | D:5      | Killed Menkaure
  2883 | D:5      | Reached XP level 8. HP: 43/60 MP: 10/10
  2988 | D:5      | Reached skill level 7 in Long Blades
  2992 | D:5      | Noticed Eustachio
  3014 | D:5      | Killed Eustachio
  3775 | D:6      | Noticed Edmund
  3794 | D:6      | Reached XP level 9. HP: 27/66 MP: 11/11
  3967 | D:7      | Found a hide-covered altar of Uskayaw.
  4004 | D:7      | Found a staircase to the Ecumenical Temple.
  4013 | Temple   | Entered the Ecumenical Temple
  4020 | Temple   | Became a worshipper of Warmaster Okawaru
  4077 | D:6      | Reached skill level 8 in Long Blades
  4179 | D:6      | Reached * piety under Okawaru
  4216 | D:6      | Killed Edmund
  4380 | D:6      | Noticed Maggie
  4408 | D:6      | HP: 2/67 [Maggie/bolt of fire (29)]
  4410 | D:6      | Demolished by Maggie

Illustrated notes

Levels and vault maps discovered:
D:1:      dpeg_arrival_three_smaller_balls, layout_basic
D:2:      layout_loops_ring
D:3:      layout_basic, serial_shops, nicolae_shop_stone, st_stairs_9,
          minmay_misc_feat_doors, eino_curves_03, uniq_robin
D:4:      minmay_wonky_spiral, layout_basic,
          mainiacjoe_overflow_surrounded_room, minivault_5
D:5:      layout_cave_pods, uniq_menkaure, uniq_eustachio
D:6:      cheibrodos_barr_body, layout_basic, minmay_crystal_room,
          minmay_pentangle, uniq_maggie, uniq_edmund
D:7:      layout_cave_pools, nicolae_uskayaw_murder_on_the_dancefloor,
          elyvilon_altar_4, minmay_temple_entry_purple_smoke
Temple:   nicolae_temple_bog_church

Skill      XL: |  1  2  3  4  5  6  7  8  9 |
---------------+----------------------------+-----
Fighting       | 2 4 |  4.8
Long Blades    | 4 6 7 8 |  8.4
Armour         | 1 3 |  3.7
Stealth        | 1 5 7 |  7.5
Short Blades   | 4 |  4.4
Dodging        | 5 6 7 |  7.1
Throwing       | 3 |  3.5
Shields        | 3 |  3.8
Invocations    | 3 |  3.5
Evocations     | 3 |  3.5

Action                   |  1- 3 |  4- 6 |  7- 9 || total
-------------------------+-------+-------+-------++-------
Melee: Long sword        |    81 |       |    37 ||   118
       Bite              |     9 |    10 |    45 ||    64
       Dagger            |    20 |    10 |   102 ||   132
       Falchion          |       |    82 |   207 ||   289
       Punch             |       |     1 |     2 ||     3
Throw: Stone             |       |     8 |    23 ||    31
  Use: Scroll            |     1 |       |     2 ||     3
       Potion            |       |     1 |     2 ||     3
 Stab: Sleeping          |       |       |     9 ||     9
Armor: Leather armour    |    40 |    27 |    98 ||   165
Dodge: Dodged            |    65 |    54 |   217 ||   336
Block: Buckler           |       |       |    74 ||    74
